 Dungeon Crawl Stone Soup version 0.22-a0-351-g29664b4 (webtiles) character file.

19432 4thArraOfDagon the Arsonist (level 12, 0/65 (66) HPs)
             Began as an Octopode Fire Elementalist on Apr 12, 2018.
             Was a High Priest of Vehumet.
             Slain by a meliai zombie (9 damage)
             ... on level 12 of the Dungeon.
             The game lasted 00:41:42 (8978 turns).

4thArraOfDagon the Arsonist (OpFE)                  Turns: 8978, Time: 00:41:43

HP:   0/65 (66)     AC:  3    Str:  8    XL:     12   Next: 68%
MP:   9/24          EV: 13    Int: 24    God:    Vehumet [*****.]
Gold: 754           SH:  0    Dex: 13    Spells: 10/28 levels left

rFire    . . .     SeeInvis .   E - -2 eveningstar (holy)
rCold    + + .     Gourm    .   (no shield)
rNeg     . . .     Faith    .   (helmet restricted)
rPois    .         Spirit   .   H - amulet of harm
rElec    .         Reflect  .   i - ring of protection from cold
rCorr    +         Harm     +   t - +3 ring of intelligence
MR       .....                  s - ring of resist corrosion
Stlth    +++.......             I - ring of protection from cold
HPRegen  0.20/turn              (no ring)
MPRegen  0.19/turn              (no ring)
                                (no ring)
                                (no ring)

@: no status effects
A: almost no armour, stealthy swim, amphibious, 8 rings, constrict 8, yellow
scales 1, camouflage 1, wild magic 1, gelatinous body 1
a: Renounce Religion


You were on level 12 of the Dungeon.
You worshipped Vehumet.
Vehumet was extremely pleased with you.
You were not hungry.

You visited 1 branch of the dungeon, and saw 12 of its levels.
You also visited: Ossuary.

You collected 754 gold pieces.

Inventory:

Hand Weapons
 d - a +0 falchion
 u - a +1 vampiric long sword
 E - a -2 eveningstar of holy wrath (weapon)
Jewellery
 i - a ring of protection from cold (left tentacle)
 s - a ring of resist corrosion (on tentacle)
 t - a +3 ring of intelligence (right tentacle)
 H - an amulet of harm (around mantle)
 I - a ring of protection from cold (on tentacle)
Wands
 F - a wand of enslavement (15)
 J - a wand of disintegration (9)
 K - a wand of polymorph (22)
 L - a wand of iceblast (4)
Scrolls
 c - 5 scrolls of random uselessness {unknown}
 f - 3 scrolls of magic mapping {unknown}
 h - 5 scrolls of amnesia {unknown}
 j - 7 scrolls of teleportation
 k - 2 scrolls of noise {unknown}
 l - 9 scrolls of remove curse {unknown}
 m - 2 scrolls of enchant armour {unknown}
 p - a scroll of vulnerability {unknown}
 r - 2 scrolls of fear {unknown}
 y - 2 scrolls of fog
 A - a scroll of immolation {unknown}
 D - a scroll of torment
Potions
 a - 8 potions of curing
 e - 2 potions of resistance
 g - 3 potions of brilliance
 n - 2 potions of haste
 o - a potion of mutation
 q - 2 potions of cancellation
 v - 2 potions of degeneration
 w - a potion of agility
 x - a potion of berserk rage
 z - 2 potions of might
 B - a potion of lignification
 C - a potion of magic
 G - a potion of flight
Comestibles
 b - 25 rations


   Skills:
 - Level 2.0 Dodging
 - Level 2.6 Stealth
 + Level 8.8 Spellcasting
 * Level 12.8 Conjurations
 * Level 13.1 Fire Magic


You had 10 spell levels left.
You knew the following spells:

 Your Spells              Type           Power        Failure   Level  Hunger
a - Flame Tongue          Conj/Fire      #####        1%          1    None
b - Conjure Flame         Conj/Fire      #######.     1%          3    None
c - Sticky Flame          Conj/Fire      #######.     1%          4    ##.....
d - Fireball              Conj/Fire      #######...   1%          5    ####...
e - Airstrike             Air            ##........   21%         4    ##.....
f - Apportation           Tloc           ##....       10%         1    None


Dungeon Overview and Level Annotations

Branches:
Dungeon (12/15)            Temple (0/1) D:6            Lair (0/6) D:8
    Orc (0/2) D:9

Altars:
Ashenzari
Cheibriados
Dithmenos
Elyvilon
Fedhas
Makhleb
Nemelex Xobeh
Okawaru
Qazlal
Ru
Sif Muna
Trog
Vehumet
Yredelemnul
The Shining One

Annotations:
D:4 Duvessa


Innate Abilities, Weirdness & Mutations

You cannot wear most types of armour.
You are very stealthy in the water. (Stealth+)
You are amphibious.
You can wear up to eight rings at the same time.
You can use your tentacles to constrict eight enemies at once.
Your skin changes colour to match your surroundings (Stealth+).
Your rubbery body absorbs attacks. (AC +1, EV +1)
You are partially covered in yellow scales. (AC +2)
Your spells are a little harder to cast, but a little more powerful.


Message History

Confirm with . or Enter, or press ? or * to list all spells.
Aiming: Conjure Flame (safe; 1% risk of failure)
Press: ? - help, Dir - move target cursor The fire ignites!
The meliai zombie barely misses you. The meliai zombie closely misses you.
Unknown command.
The meliai zombie is engulfed in blazing flames.
The meliai zombie hits you! The meliai zombie hits you.
* * * LOW HITPOINT WARNING * * *
Unknown command.
You barely miss the meliai zombie. You grab the meliai zombie.
The meliai zombie is lightly damaged.
You constrict the meliai zombie.
The meliai zombie is engulfed in blazing flames.
The meliai zombie closely misses you. The meliai zombie hits you!
* * * LOW HITPOINT WARNING * * *
The meliai zombie is engulfed in blazing flames.
The meliai zombie hits you but does no damage.
The meliai zombie hits you!
You die...

.......#########...
..............###..##
..............# #...#
..............# ##..##
..............# #...#
......).......#####..##
.K..#...#...........#
.. #Z..#...........##
#@..#.........>...
#...#...........##
#...#...........#
#...#...........#
#..?#...........#
#####...........#
#.....).....#
#...........#
#...........#


You could see a meliai zombie.

Vanquished Creatures
  A frost giant (D:11)
  An ogre mage (D:11)
  A hydra (D:11)
  6 two-headed ogres
  2 unseen horrors (D:12)
  An ugly thing (D:11)
  A manticore (D:11)
  Joseph (D:9)
  A centaur skeleton (D:10)
  A gargoyle (D:11)
  A komodo dragon (D:11)
  2 kobold demonologists
  4 trolls
  2 hippogriffs
  4 yaks
  A wraith (D:12)
  3 hungry ghosts
  A steam dragon (D:10)
  An acid dragon (D:12)
  A soldier ant (D:11)
  A water moccasin (D:10)
  2 orc warriors
  4 sky beasts
  A black bear (D:7)
  3 ice beasts
  3 necrophages
  3 ogres
  11 centaurs
  2 crocodiles (D:8)
  6 bullfrogs
  10 scorpions
  Dowan (D:4)
  11 killer bees
  3 wights (D:11)
  7 howler monkeys
  4 crimson imps
  3 bullfrog zombies
  3 centaur zombies
  3 quasits
  4 jellies
  7 hounds
  A gnoll shaman (D:7)
  A human zombie (Ossuary)
  10 orc priests
  Crazy Yiuf (D:6)
  4 bullfrog skeletons
  5 iguanas
  13 orc wizards
  6 worker ants
  3 ogre zombies (Ossuary)
  2 hound zombies
  7 mummies (Ossuary)
  A worker ant zombie (D:7)
  15 adders
  4 gnolls (D:7)
  4 shadow imps
  2 oozes (D:1)
  5 adder zombies
  4 adder skeletons
  A worm (D:4)
  2 leopard geckos
  50 orcs
  9 bats
  7 giant cockroaches
  6 goblins
  8 hobgoblins
  15 jackals
  10 kobolds
  3 quokkas
  2 ball pythons
  4 frilled lizards
  4 goblin zombies (Ossuary)
  2 hobgoblin zombies (Ossuary)
  A jackal zombie (D:6)
  2 kobold zombies (Ossuary)
  An orc zombie (Ossuary)
  5 quokka skeletons
  9 quokka zombies
  6 rats
  5 rat zombies (Ossuary)
  5 bushes (D:11)
  2 fungi
375 creatures vanquished.

Vanquished Creatures (others)
  2 fungi (D:7)
2 creatures vanquished.

Grand Total: 377 creatures vanquished

Notes
Turn   | Place    | Note
-------+----------+-------------------------------------------
     0 | D:1      | 4thArraOfDagon the Octopode Fire Elementalist began the quest for the Orb.
     0 | D:1      | Reached XP level 1. HP: 11/11 MP: 3/3
     0 | D:1      | Gunzzzzmaster: unfortunate
   179 | D:2      | Reached XP level 2. HP: 13/17 MP: 3/5
   231 | D:2      | Found a sacrificial altar of Ru.
   325 | D:3      | Reached XP level 3. HP: 14/21 MP: 1/6
   330 | D:3      | Learned a level 3 spell: Conjure Flame
   337 | D:3      | Found a radiant altar of Vehumet.
   402 | D:3      | Became a worshipper of Vehumet
   420 | D:3      | Found a glowing golden altar of the Shining One.
   959 | D:2      | Gunzzzzmaster: did you just use that fountain to deal steam damage haha
   960 | D:2      | Gunzzzzmaster: nice
  1147 | D:1      | Reached XP level 4. HP: 17/27 MP: 3/7
  1157 | D:1      | 4thArraOfDagon: hey
  1157 | D:1      | Gunzzzzmaster: hi
  1157 | D:1      | 4thArraOfDagon: fire+water=clouds
  1157 | D:1      | 4thArraOfDagon: even fountain haha :0
  1166 | D:1      | Reached * piety under Vehumet
  1166 | D:1      | Offered knowledge of Freeze by Vehumet.
  1187 | D:1      | Gunzzzzmaster: I didn't know a fountain counted ^^
  1201 | D:1      | Gunzzzzmaster: but good to know!
  1405 | D:1      | Reached skill level 4 in Fire Magic
  1411 | D:1      | Learned a level 4 spell: Sticky Flame
  1770 | D:3      | Found a sparkling altar of Nemelex Xobeh.
  1850 | D:3      | Gunzzzzmaster: ??octopode
  1852 | D:3      | beem: octopode[1/6]: Player species which can equip 8 rings, amulet, a shield, and a hat (no helmets), but no other armour. Wields items normally, and also has constricting tentacle attacks. Has {camouflage} for added stealth.
  1893 | D:3      | Found a glowing golden altar of the Shining One.
  1973 | D:3      | Reached XP level 5. HP: 31/31 MP: 7/9
  1988 | D:3      | Gunzzzzmaster: 8 rings :o
  2043 | D:3      | Gunzzzzmaster: makes sense I guess xD
  2059 | D:3      | Gained mutation: Your spells are a little harder to cast, but a little more powerful. [potion of mutation]
  2059 | D:3      | Gained mutation: You are partially covered in yellow scales. (AC +2) [potion of mutation]
  2104 | D:3      | Gunzzzzmaster: ??octopode[2
  2124 | D:3      | beem: octopode[2/6]: For four days in 2012, octopodes had eight times the normal squeeze damage (96 instead of 12), allowing them to one-shot greater mummies (among others) with ease. Introduced, and then ruined, by |amethyst; rest in peace.
  2295 | D:3      | Reached ** piety under Vehumet
  2322 | D:4      | Found an iron altar of Okawaru.
  2326 | D:4      | Gunzzzzmaster: ??octopode[3
  2328 | D:4      | Offered knowledge of Sandblast by Vehumet.
  2328 | D:4      | beem: octopode[3/6]: http://robertbowenart.com/wp-content/themes/RobertBowenArt/images/The-Guardian.jpg
  2350 | D:4      | Gunzzzzmaster: ??octopode[4
  2350 | D:4      | beem: octopode[4/6]: < vede> Why does the octopode have 0 aptitude on so many skills < BlackrayJack> Because he has a good grasp on everything
  2362 | D:4      | Gunzzzzmaster: ??octopode[5
  2364 | D:4      | beem: octopode[5/6]: http://31.media.tumblr.com/tumblr_mejvybpuS51r64zduo1_500.jpg
  2369 | D:4      | Gunzzzzmaster: ??octopode[6
  2371 | D:4      | beem: octopode[6/6]: https://i.imgur.com/MRHjmeQ.png
  2391 | D:4      | Reached XP level 6. HP: 20/36 MP: 0/10
  2418 | D:4      | Noticed Dowan
  2425 | D:4      | Found a white marble altar of Elyvilon.
  2507 | D:4      | Reached skill level 5 in Fire Magic
  2666 | D:4      | Noticed Duvessa
  2675 | D:4      | Killed Dowan
  2675 | D:4      | Reached XP level 7. HP: 41/41 MP: 3/12
  2813 | D:4      | Found a basalt altar of Yredelemnul.
  2903 | D:5      | Entered Level 5 of the Dungeon
  2906 | D:5      | Noticed a gargoyle
  2947 | D:5      | Found a bloodstained altar of Trog.
  2975 | D:5      | Found a sand-covered staircase.
  3009 | Ossuary  | Entered an ossuary
  3097 | Ossuary  | Offered knowledge of Throw Frost by Vehumet.
  3106 | Ossuary  | Reached skill level 5 in Conjurations
  3117 | Ossuary  | Learned a level 5 spell: Fireball
  3166 | Ossuary  | Reached *** piety under Vehumet
  3188 | Ossuary  | Reached skill level 6 in Fire Magic
  3352 | Ossuary  | Offered knowledge of Olgreb's Toxic Radiance by Vehumet.
  3423 | D:5      | Reached XP level 8. HP: 41/46 MP: 10/13
  3683 | D:5      | Found a deep blue altar of Sif Muna.
  3715 | D:5      | Reached skill level 7 in Fire Magic
  3772 | D:5      | Found a snail-covered altar of Cheibriados.
  3774 | D:5      | Reached **** piety under Vehumet
  3966 | D:6      | Found a stormy altar of Qazlal.
  4293 | D:6      | Found a shattered altar of Ashenzari.
  4320 | D:6      | Reached XP level 9. HP: 36/51 MP: 9/16
  4336 | D:6      | Offered knowledge of Airstrike by Vehumet.
  4375 | D:6      | Reached skill level 5 in Spellcasting
  4386 | D:6      | Learned a level 4 spell: Airstrike
  4446 | D:6      | Found a burning altar of Makhleb.
  4540 | D:6      | Found a staircase to the Ecumenical Temple.
  4565 | D:6      | Reached skill level 8 in Fire Magic
  4606 | D:6      | Found a runed door.
  4610 | D:6      | Noticed Crazy Yiuf
  4616 | D:6      | Killed Crazy Yiuf
  4663 | D:7      | Noticed a two-headed ogre
  5234 | D:7      | Killed a two-headed ogre
  5234 | D:7      | Reached skill level 9 in Fire Magic
  5234 | D:7      | Reached XP level 10. HP: 45/56 MP: 7/18
  5317 | D:7      | Reached ***** piety under Vehumet
  5317 | D:7      | Offered knowledge of Freezing Cloud by Vehumet.
  5725 | D:8      | Noticed a two-headed ogre
  5770 | D:8      | Killed a two-headed ogre
  5770 | D:8      | Reached skill level 10 in Fire Magic
  5971 | D:8      | Found a staircase to the Lair.
  6035 | D:8      | Learned a level 1 spell: Apportation
  6127 | D:7      | Reached skill level 10 in Conjurations
  6188 | D:8      | Found a shadowy altar of Dithmenos.
  6293 | D:8      | p0werm0de: nice wpn man
  6339 | D:8      | Found a blossoming altar of Fedhas.
  6404 | D:9      | Found a staircase to the Orcish Mines.
  6552 | D:9      | Noticed a two-headed ogre
  6570 | D:9      | Killed a two-headed ogre
  6570 | D:9      | Reached XP level 11. HP: 61/61 MP: 8/21
  6685 | D:9      | Noticed Joseph
  6702 | D:9      | Killed Joseph
  6702 | D:9      | Reached skill level 11 in Fire Magic
  6899 | D:10     | Entered Level 10 of the Dungeon
  7310 | D:10     | Noticed a two-headed ogre
  7314 | D:10     | Killed a two-headed ogre
  7418 | D:11     | Found a blossoming altar of Fedhas.
  7452 | D:11     | Noticed a purple ugly thing
  7468 | D:11     | Killed a purple ugly thing
  7607 | D:11     | Noticed a two-headed ogre
  7634 | D:11     | Killed a two-headed ogre
  7697 | D:11     | Reached skill level 12 in Fire Magic
  7733 | D:11     | Noticed a two-headed ogre
  7735 | D:11     | Noticed a five-headed hydra
  7750 | D:11     | Noticed a frost giant
  7820 | D:11     | Noticed an ogre mage
  7870 | D:11     | Killed an ogre mage
  7870 | D:11     | Reached XP level 12. HP: 55/65 MP: 0/24
  8217 | D:11     | Offered knowledge of Irradiate by Vehumet.
  8317 | D:11     | Killed a two-headed ogre
  8319 | D:11     | Killed a frost giant
  8464 | D:11     | Killed a five-headed hydra
  8704 | D:11     | Found a stormy altar of Qazlal.
  8808 | D:12     | Reached skill level 13 in Fire Magic
  8978 | D:12     | Slain by a meliai zombie

Vault maps used:
D:1:      lightli_arrival_isolated_outpost, minmay_stone_trees_medium,
          hangedman_abyss_or_decor_lesser_grid
D:2:      old_standard_altar, dk_noncrumbling_4, hex_intersection,
          solitary_fountain, minivault_5, minmay_hedge_maze
D:3:      nicolae_tso_carved_into_rock, nemelex_xobeh_ov_fountains_minmay,
          vehumet_crystals, first_ration, lemuel_statue_altar
D:4:      okawaru_gym_becter, elyvilon_altar_5, lemuel_doored_altar,
          nicolae_underground_beach, uniq_duvessa
D:5:      bloody_trog, led_sif_pool, kennysheep_mini_moat,
          lightli_ossuary_entry_decrepit_ruins
D:6:      overflow_temple_1_default, demons_altar, old_standard_altar,
          minmay_temple_entry_trees, uniq_crazy_yiuf_cottage
D:7:      old_forge, minmay_misc_feat_plants
D:8:      kennysheep_little_box, old_standard_altar, david_lair_generic,
          hangedman_little_slice_of_home, grunt_ministairs_9,
          nicolae_dithmenos_the_darkroom
D:9:      nicolae_overflow_hidden_temple, orc_0_dummy, uniq_joseph
D:10:     special_room, minmay_curled_crystal
D:11:     wad_statue_garden, serial_column_ruins, column_ruins_temple_hall,
          column_ruins_hut, column_ruins_grid_2, column_ruins_open_medium,
          column_ruins_corridor_T, column_ruins_corridor_corner,
          grunt_qazlal_clouds
D:12:     uniq_josephine
Ossuary:  ossuary_boxes_badplayer

Skill      XL: |  1  2  3  4  5  6  7  8  9 10 11 12 |
---------------+-------------------------------------+-----
Conjurations   | 2 3 4 5 7 8 10 11 12 | 12.8
Fire Magic     | 4 5 6 7 9 10 12 13 | 13.1
Spellcasting   | 3 4 5 7 8 |  8.8
Dodging        | |  2.0
Stealth        | |  2.6

Action                   |  1- 3 |  4- 6 |  7- 9 | 10-12 || total
-------------------------+-------+-------+-------+-------++-------
Melee: Falchion          |    15 |    35 |       |       ||    50
       Tentacles         |     4 |    11 |    33 |    17 ||    65
       Unarmed           |     3 |       |       |     6 ||     9
       Constrict         |     7 |    20 |    57 |    32 ||   116
       Long sword        |       |    21 |   171 |    15 ||   207
       Eveningstar       |       |       |       |   129 ||   129
 Cast: Flame Tongue      |    33 |    58 |   105 |   156 ||   352
       Sticky Flame      |       |     5 |    23 |    34 ||    62
       Conjure Flame     |       |       |    12 |    32 ||    44
       Fireball          |       |       |     9 |    41 ||    50
  Use: Potion            |       |     5 |       |     2 ||     7
       Scroll            |       |     2 |     5 |    10 ||    17
 Stab: Sleeping          |     3 |     2 |    13 |     4 ||    22
  Eat: Chunk             |     1 |     4 |    16 |    19 ||    40
       Ration            |       |     2 |       |     2 ||     4
Armor: Skin              |     7 |    16 |    40 |    39 ||   102
Dodge: Dodged            |    33 |    63 |   159 |   206 ||   461
       Rpst.: Falchion   |     8 |    15 |       |       ||    23
       Long sword        |       |     9 |    36 |     5 ||    50

Table legend:
 A = Spawn XP
 B = Non-spawn XP
 C = Spawn XP percentage of total XP
 D = Spawn monster count
 E = Non-spawn monster count
 F = Spawn count percentage of total count
 G = Total turns spent on level
                    A         B        C        D         E        F      G
               +---------+---------+-------+---------+---------+-------+---------
         Total |       0 |   27760 |   0.0 |       0 |     368 |   0.0 |  8978
               +---------+---------+-------+---------+---------+-------+---------
           D:1 |       0 |      60 |   0.0 |       0 |      29 |   0.0 |   700
           D:2 |       0 |      27 |   0.0 |       0 |      15 |   0.0 |   870
           D:3 |       0 |     145 |   0.0 |       0 |      23 |   0.0 |   752
           D:4 |       0 |     484 |   0.0 |       0 |      23 |   0.0 |   618
           D:5 |       0 |     781 |   0.0 |       0 |      23 |   0.0 |   611
           D:6 |       0 |     909 |   0.0 |       0 |      33 |   0.0 |   859
           D:7 |       0 |    2657 |   0.0 |       0 |      46 |   0.0 |   957
           D:8 |       0 |    2911 |   0.0 |       0 |      32 |   0.0 |   610
           D:9 |       0 |    2084 |   0.0 |       0 |      16 |   0.0 |   524
          D:10 |       0 |    3491 |   0.0 |       0 |      33 |   0.0 |   458
          D:11 |       0 |   11583 |   0.0 |       0 |      51 |   0.0 |  1411
          D:12 |       0 |    2251 |   0.0 |       0 |       7 |   0.0 |   210
       Ossuary |       0 |     377 |   0.0 |       0 |      37 |   0.0 |   398
               +---------+---------+-------+---------+---------+-------+---------
